 Dungeon Crawl Stone Soup version 0.23.1 (webtiles) character file.

Game seed: 3600060545114892902

12577 Borgoz the Covert (level 12, -9/100 HPs)
             Began as a Kobold Enchanter on Mar 8, 2019.
             Was a Believer of Ashenzari.
             Hit by a poisoned javelin thrown by a minotaur (15 damage)
             ... in a Gauntlet.
             The game lasted 00:42:02 (13600 turns).

Borgoz the Covert (Kobold Enchanter)               Turns: 13600, Time: 00:42:03

Health: -9/100     AC:  8    Str: 14    XL:     12   Next: 22%
Magic:  24/24      EV: 18    Int: 25    God:    Ashenzari [**....]
Gold:   482        SH:  0    Dex: 17    Spells: 15/27 levels left

rFire    x . .     SeeInvis .   c - +2 quick blade "Ceasuran" {pierce, Int+2} (curse)
rCold    + . .     Gourm    .   (shield restricted)
rNeg     . . .     Faith    .   r - +0 leather armour (curse)
rPois    .         Spirit   .   Q - +2 hat {Int+3}
rElec    .         Reflect  .   F - +0 cloak
rCorr    .         Harm     .   (no gloves)
MR       .....     NoTele   +   B - +1 pair of boots
Stlth    ..........             y - amulet of rage
HPRegen  0.26/turn              j - +4 ring of intelligence
MPRegen  0.19/turn              n - ring of ice (curse)

@: mighty, berserking, lethally poisoned (-9 -> -56), very quick
A: small, carnivore
a: Curse Item, Scrying, Renounce Religion, Evoke Berserk Rage


You were in a Gauntlet.
You worshipped Ashenzari.
Ashenzari was pleased with you.
You were not hungry.

You visited 3 branches of the dungeon, and saw 12 of its levels.
You also visited: Gauntlet.

You collected 482 gold pieces.

Inventory:

Hand Weapons
 c - the cursed +2 quick blade "Ceasuran" (weapon) {pierce, Int+2}
   (You acquired it on level 7 of the Dungeon)

   It inflicts extra damage upon your enemies.
   It affects your intelligence (+2).
   It has a curse placed upon it.
 q - a +4 short sword
 D - a +2 quarterstaff of chaos
 J - a +5 dagger
 L - a +2 short sword of venom
 R - a +1 short sword of draining
Missiles
 s - a throwing net (quivered)
 E - 5 tomahawks
Armour
 r - a cursed +0 leather armour (worn)
 A - the +1 robe "Wesacvep" {-Tele rPois Int+4 Dex+3}
   (You found it on level 5 of the Dungeon)

   It affects your intelligence (+4).
   It affects your dexterity (+3).
   It protects you from poison.
   It prevents most forms of teleportation.
 B - a +1 pair of boots (worn)
 C - a +3 leather armour of magic resistance
 F - a +0 cloak (worn)
 G - a +0 robe of fire resistance
 M - a +0 leather armour of cold resistance
 N - the +1 pair of boots "Xaxim" {*Drain rC+ Int+5}
   (You found it on level 10 of the Dungeon)

   It affects your intelligence (+5).
   It protects you from cold.
   It causes draining when unequipped.
 O - a +0 troll leather armour
 Q - a +2 hat of intelligence (worn)
Jewellery
 a - an uncursed ring of magical power
 i - an uncursed ring of see invisible
 j - a +4 ring of intelligence (left hand)
 n - a cursed ring of ice (right hand)
 y - an amulet of rage (around neck)
 I - an uncursed ring of resist corrosion
Wands
 b - a wand of digging (5)
 f - a wand of enslavement (6)
 u - a wand of polymorph (10)
Scrolls
 k - 3 scrolls of enchant armour
 o - 3 scrolls of teleportation
 p - a scroll of fog
 H - 3 scrolls of immolation
 K - 2 scrolls of magic mapping
Potions
 e - a potion of magic
 g - a potion of heal wounds
 h - a potion of brilliance {unknown}
 l - 3 potions of berserk rage
 m - 2 potions of lignification
 t - 2 potions of degeneration {unknown}
 w - 4 potions of curing
 x - 2 potions of flight
 z - a potion of agility {unknown}
Miscellaneous
 P - a box of beasts
Comestibles
 d - 24 rations


   Skills:
 + Level 4.6 Fighting
 + Level 8.6(10.8) Short Blades
 + Level 3.5 Armour
 + Level 6.2 Dodging
 + Level 13.9 Stealth
 + Level 8.2 Spellcasting
 + Level 8.4 Hexes
 * Level 6.3 Evocations


You had 15 spell levels left.
You knew the following spells:

 Your Spells              Type           Power        Failure   Level  Hunger
a - Corona                Hex            ######.      1%          1    None
b - Ensorcelled Hibernat  Hex/Ice        #####.       1%          2    None
c - Confuse               Hex            ######..     1%          3    None
d - Invisibility          Hex            ######..     34%         6    ######.

Your spell library contained the following spells:

 Spells                   Type           Power        Failure   Level  Hunger
 Tukima's Dance           Hex            ######..     1%          3    None
 Dazzling Spray           Conj/Hex       ####..       3%          3    None
 Apportation              Tloc           ##....       8%          1    None
 Summon Butterflies       Summ           ##......     8%          1    None
 Lesser Beckoning         Tloc           ##........   22%         3    None
 Alistair's Intoxication  Tmut/Pois      ##......     90%         5    ####...


Dungeon Overview and Level Annotations

Branches:
Dungeon (10/15)            Temple (1/1) D:6            Lair (1/6) D:10
    Orc (0/2) D:10

Altars:
Ashenzari
Cheibriados
Dithmenos
Elyvilon
Fedhas
Gozag
Hepliaklqana
Kikubaaqudgha
Makhleb
Nemelex Xobeh
Okawaru
Qazlal
Ru
Sif Muna
Trog
Uskayaw
Vehumet
Wu Jian
Xom
Yredelemnul
Zin
The Shining One
Jiyva

Shops:
D:4 (

Annotations:
D:10 3 runed translucent doors, OwlQaeda's ghost, journeyman DrVM; SeriousVitamin's ghost, journeyman DEFE Gauntlet 12 transporters, 14 runed translucent doors, exclusion: obsidian statue


Innate Abilities, Weirdness & Mutations

You are small and have problems with some larger weapons.
You are carnivorous and can eat meat at any time.


Message History

You feel sick.
The minotaur hits you with a +0 dagger of venom!!
* * * LOW HITPOINT WARNING * * *
You are more poisoned.
The minotaur misses you.
You are too berserk!
You puncture the minotaur!
The minotaur is moderately wounded.
* * * LOW HITPOINT WARNING * * *
You feel sick.
You hit the minotaur but do no damage.
The minotaur is moderately wounded.
* * * LOW HITPOINT WARNING * * *
You feel sick.
You completely miss the minotaur.
The minotaur is moderately wounded.
* * * LOW HITPOINT WARNING * * *
You feel very sick.
The minotaur throws a poisoned javelin.
The poisoned javelin hits you!
You die...

..............§∩≈................
#################################
8# #8##§...............≈##8# #8#
## ####8§.©.©.©.©.©.©..8#### ###
#§§..............≈#
###.##.##.##.##.###
#.##.##.##.##.## ...............#
##.##.##@##.##.# * *#. #.# ,#
,.......H......# ##.###'#.##.###
* *#.* #. .# * ,. #. .. , *
#.*#.#*,* #∩ *.# , ##* ..


You could see a minotaur.

Vanquished Creatures
  A death ooze (Gauntlet)
  Harold (D:7)
  A death drake (Gauntlet)
  A deep elf mage (D:9)
  An ugly thing (D:9)
  Joseph (D:7)
  A gargoyle (D:10)
  A centaur skeleton (D:10)
  A spiny frog (Lair:1)
  An efreet (D:8)
  A redback zombie (Gauntlet)
  A hornet (D:8)
  A spectral meliai (Gauntlet)
  Grinder (D:6)
  3 hippogriffs
  4 shadows (Gauntlet)
  A spriggan (D:7)
  A wyvern (D:10)
  A hungry ghost (D:8)
  5 water moccasins
  5 orc warriors
  A black bear (D:8)
  2 ice beasts (D:9)
  5 ogres
  2 wolves (Lair:1)
  6 centaurs
  A big kobold (D:8)
  7 bullfrogs
  A wyvern zombie (D:8)
  4 scorpions
  6 killer bees (D:7)
  16 wights
  2 electric eels (D:8)
  4 howler monkeys
  3 crimson imps
  A quasit (D:7)
  2 centaur zombies
  A lava snake (D:9)
  8 jellies
  8 hounds
  An orc priest (D:10)
  2 bullfrog skeletons (D:9)
  5 iguanas
  Crazy Yiuf (D:2)
  2 orc wizards
  8 worker ants
  A hound zombie (D:10)
  A worker ant zombie (D:5)
  4 gnolls (D:3)
  9 adders
  3 shadow imps
  2 adder zombies
  2 adder skeletons
  2 worms
  4 dart slugs
  9 leopard geckos
  19 orcs
  A ball python (D:4)
  5 giant cockroaches
  6 goblins
  8 hobgoblins
  11 jackals
  4 quokkas
  2 bats
  5 frilled lizards
  9 kobolds
  A leopard gecko zombie (D:6)
  9 rats
250 creatures vanquished.

Vanquished Creatures (others)
  A fungus (Lair:1)
  31 withered plants (Gauntlet)
32 creatures vanquished.

Grand Total: 282 creatures vanquished

Notes
Turn   | Place    | Note
-------+----------+-------------------------------------------
     0 | D:1      | Borgoz the Kobold Enchanter began the quest for the Orb.
     0 | D:1      | Reached XP level 1. HP: 10/10 MP: 3/3
   274 | D:1      | Reached XP level 2. HP: 15/15 MP: 5/5
   295 | D:1      | Learned a level 2 spell: Ensorcelled Hibernation
   677 | D:1      | Reached XP level 3. HP: 9/19 MP: 1/6
  1814 | D:2      | Reached XP level 4. HP: 24/24 MP: 7/7
  2071 | D:2      | Learned a level 3 spell: Confuse
  2099 | D:2      | Reached skill level 5 in Stealth
  2229 | D:2      | Found a runed translucent door.
  2230 | D:2      | Noticed Crazy Yiuf
  2263 | D:3      | Reached XP level 5. HP: 28/28 MP: 8/8
  2384 | D:3      | Found an ornate altar of the Wu Jian Council.
  2568 | D:3      | Found a sacrificial altar of Ru.
  3210 | D:4      | Reached XP level 6. HP: 29/33 MP: 10/10
  3274 | D:4      | Reached skill level 1 in Fighting
  3283 | D:4      | Reached skill level 6 in Stealth
  3643 | D:4      | Found Qeuwn's Weapon Emporium.
  3943 | D:5      | Entered Level 5 of the Dungeon
  3993 | D:5      | Noticed an ogre
  3997 | D:5      | Noticed a water moccasin
  4004 | D:5      | Killed an ogre
  4004 | D:5      | Reached skill level 1 in Armour
  4004 | D:5      | Reached XP level 7. HP: 28/38 MP: 3/11
  4006 | D:5      | Killed a water moccasin
  4203 | D:6      | Found a shattered altar of Ashenzari.
  4218 | D:6      | Became a worshipper of Ashenzari the Shackled
  4306 | D:6      | Reached skill level 7 in Stealth
  4414 | D:5      | Found a bloodstained altar of Trog.
  4731 | D:5      | Identified the +1 robe "Wesacvep" {-Tele rPois Int+4 Dex+3}
  4743 | D:5      | Reached XP level 8. HP: 31/43 MP: 13/13
  4982 | D:5      | Found an iron altar of Okawaru.
  5302 | D:5      | Reached * piety under Ashenzari
  5653 | D:5      | Found a glowing silver altar of Zin.
  5932 | D:2      | Killed Crazy Yiuf
  6054 | D:6      | Found a burning altar of Makhleb.
  6071 | D:6      | Reached skill level 5 in Short Blades
  6209 | D:6      | Noticed Grinder
  6224 | D:6      | Killed Grinder
  6224 | D:6      | Reached skill level 8 in Stealth
  6367 | D:6      | Reached skill level 5 in Hexes
  6680 | D:6      | Reached XP level 9. HP: 47/48 MP: 9/15
  6809 | D:6      | Found a faded altar of an unknown god.
  6811 | D:6      | Found a staircase to the Ecumenical Temple.
  6818 | Temple   | Entered the Ecumenical Temple
  6915 | D:6      | Found a white marble altar of Elyvilon.
  7453 | D:7      | Reached skill level 5 in Spellcasting
  7466 | D:7      | Noticed Harold
  7833 | D:7      | Reached skill level 1 in Evocations
  7838 | D:7      | Noticed Joseph
  7892 | D:7      | Killed Joseph
  7892 | D:7      | Reached skill level 9 in Stealth
  7914 | D:7      | HP: 1/49 [centaur (3)]
  8251 | D:7      | Identified a scroll of acquirement
  8252 | D:7      | Got the cursed quick blade "Ceasuran" {pierce, Int+2}
  8253 | D:7      | Identified the cursed +2 quick blade "Ceasuran" {pierce,
                  | Int+2} (You acquired it on level 7 of the Dungeon)
  8276 | D:7      | Killed Harold
  8276 | D:7      | Reached skill level 5 in Dodging
  8276 | D:7      | Reached XP level 10. HP: 49/56 MP: 18/18
  8445 | D:7      | Reached skill level 10 in Stealth
  8546 | D:7      | Learned a level 6 spell: Invisibility
  8985 | D:8      | Reached skill level 11 in Stealth
  9090 | D:9      | Found a viscous altar of Jiyva.
  9248 | D:9      | Noticed a cyan ugly thing
  9251 | D:9      | Killed a cyan ugly thing
  9351 | D:9      | Reached XP level 11. HP: 45/60 MP: 21/21
  9397 | D:9      | Found a white marble altar of Elyvilon.
  9397 | D:9      | Found a basalt altar of Yredelemnul.
  9398 | D:9      | Reached ** piety under Ashenzari
  9398 | D:9      | Found a glowing silver altar of Zin.
  9398 | D:9      | Found a white marble altar of Elyvilon.
  9421 | D:9      | Reached skill level 12 in Stealth
  9715 | D:9      | Noticed a deep elf mage
  9721 | D:9      | Killed a deep elf mage
 10185 | D:9      | Found an ancient bone altar of Kikubaaqudgha.
 11642 | D:10     | Entered Level 10 of the Dungeon
 11663 | D:10     | Reached skill level 13 in Stealth
 11955 | D:10     | Found a runed translucent gate.
 11955 | D:10     | Found a runed translucent gate.
 11956 | D:10     | Found a runed translucent gate.
 11958 | D:10     | Noticed OwlQaeda's ghost (journeyman DrVM)
 11958 | D:10     | Noticed SeriousVitamin's ghost (journeyman DEFE)
 12139 | D:10     | Got the uncursed pair of boots "Xaxim" {*Drain rC+ Int+5}
 12214 | D:10     | Found a staircase to the Orcish Mines.
 12249 | D:10     | Found a staircase to the Lair.
 12303 | Lair:1   | Entered Level 1 of the Lair of Beasts
 12423 | Lair:1   | Reached skill level 5 in Evocations
 12443 | Lair:1   | Found a gate leading to a gauntlet.
 12453 | Gauntlet | Entered a Gauntlet
 12453 | Gauntlet | Found a transporter.
 12453 | Gauntlet | Found a large runed translucent door.
 12453 | Gauntlet | Found a large runed translucent door.
 12453 | Gauntlet | Found a large runed translucent door.
 12453 | Gauntlet | Found a large runed translucent door.
 12453 | Gauntlet | Found a runed translucent door.
 12453 | Gauntlet | Found a runed translucent door.
 12453 | Gauntlet | Found a large runed translucent door.
 12453 | Gauntlet | Found a large runed translucent door.
 12453 | Gauntlet | Found a large runed translucent door.
 12453 | Gauntlet | Found a large runed translucent door.
 12453 | Gauntlet | Found a large runed translucent door.
 12453 | Gauntlet | Found a large runed translucent door.
 12454 | Gauntlet | Found a large runed translucent door.
 12454 | Gauntlet | Found a large runed translucent door.
 12463 | Gauntlet | Found a transporter.
 12478 | Gauntlet | Found a transporter.
 12483 | Gauntlet | Found a transporter.
 12498 | Gauntlet | Found a transporter.
 12499 | Gauntlet | Noticed a death drake
 12513 | Gauntlet | Noticed a spectral wolf spider
 12517 | Gauntlet | Found a transporter.
 12517 | Gauntlet | Noticed an obsidian statue
 12529 | Gauntlet | Found a transporter.
 12529 | Gauntlet | Noticed a death drake
 12545 | Gauntlet | Identified the amulet "Douboh" {rC+ Regen+ Str+4 Int+4}
 12547 | Gauntlet | Noticed a wretched star
 12548 | Gauntlet | Found a transporter.
 12554 | Gauntlet | Found a transporter.
 12554 | Gauntlet | Found a transporter.
 12568 | Gauntlet | Identified the ring "Plog" {Ice +Inv Str-2 Dex+9 Slay+2}
 12568 | Gauntlet | Noticed a reaper
 12569 | Gauntlet | Found a transporter.
 12581 | Gauntlet | Found a transporter.
 12581 | Gauntlet | Noticed a wretched star
 12598 | Gauntlet | Found a transporter.
 12616 | Gauntlet | Found a transporter.
 12618 | Gauntlet | Found a transporter.
 12619 | Gauntlet | Noticed a necromancer
 12636 | Gauntlet | Found a large runed translucent door.
 12637 | Gauntlet | Found a large runed translucent door.
 12641 | Gauntlet | Found a runed translucent gate.
 12641 | Gauntlet | Found a runed translucent gate.
 12641 | Gauntlet | Found a runed translucent gate.
 12642 | Gauntlet | Noticed a death ooze
 12643 | Gauntlet | Found a transporter.
 12645 | Gauntlet | Found a transporter.
 12651 | Gauntlet | Found a large runed translucent door.
 12652 | Gauntlet | Found a large runed translucent door.
 12669 | Gauntlet | Found a transporter.
 12933 | Gauntlet | Killed a death ooze
 13078 | Gauntlet | Reached XP level 12. HP: 34/67 MP: 16/23
 13400 | Gauntlet | Killed a death drake
 13577 | Gauntlet | Noticed a minotaur
 13600 | Gauntlet | Hit by a poisoned javelin thrown by a minotaur

Skill      XL: |  1  2  3  4  5  6  7  8  9 10 11 12 |
---------------+-------------------------------------+-----
Dodging        | 3 4 5 6 |  6.2
Short Blades   | 2 3 4 5 7 8 |  8.6
Stealth        | 5 6 7 8 9 11 13 | 13.9
Fighting       | 1 2 3 4 |  4.6
Armour         | 1 2 3 |  3.5
Spellcasting   | 3 4 5 6 7 8 |  8.2
Hexes          | 4 5 6 7 8 |  8.4
Evocations     | 1 2 5 6 |  6.3

Action                   |  1- 3 |  4- 6 |  7- 9 | 10-12 || total
-------------------------+-------+-------+-------+-------++-------
Melee: Dagger            |   146 |    39 |       |       ||   185
       Short sword       |       |    84 |   210 |       ||   294
       Quick blade       |       |       |    12 |   634 ||   646
 Cast: Ensorcelled Hiber |     9 |    23 |    45 |    72 ||   149
       Corona            |     2 |       |       |     1 ||     3
       Confuse           |       |       |    14 |    31 ||    45
Invok: Curse Item        |       |       |     1 |       ||     1
 Abil: Evoke Berserk Rag |       |       |     1 |     3 ||     4
Evoke: Wand              |       |       |     1 |       ||     1
  Use: Scroll            |       |       |    19 |     4 ||    23
       Potion            |       |       |     1 |     2 ||     3
 Stab: Sleeping          |    15 |    22 |    25 |    62 ||   124
       Confused          |       |       |     6 |    20 ||    26
  Eat: Chunk             |    12 |     8 |    14 |    23 ||    57
Armor: Robe              |    11 |     8 |       |       ||    19
       Leather armour    |       |    12 |    33 |    49 ||    94
Dodge: Dodged            |   105 |    88 |   201 |   238 ||   632
